 Dungeon Crawl Stone Soup version 0.17-a0-1674-g2b13139 (console) character file.

14 rchandra the Ducker (level 2, -5/18 HPs)
             Began as a Deep Elf Monk on Aug 18, 2015.
             Slain by a gnoll
             ... wielding a cursed -2 spear
              (11 damage)
             ... on level 1 of the Dungeon.
             The game lasted 00:02:12 (772 turns).

rchandra the Ducker (Deep Elf Monk)                  Turns: 772, Time: 00:02:12

Health: -5/18      AC:  2    Str:  8    XL:     2   Next: 27%
Magic:  4/4        EV: 14    Int: 14    God:
Gold:   47         SH:  0    Dex: 17    Spells: 0 memorised, 1 level left

rFire  . . .     SeeInvis .     o - +0 dagger
rCold  . . .     Clarity  .     h - +0 robe
rNeg   . . .     SustAt   .     (no shield)
rPois  .         Gourm    .     (no helmet)
rElec  .         Spirit   .     (no cloak)
rCorr  .         Warding  .     (no gloves)
rMut   .         Stasis   .     (no boots)
MR     .....                    (no amulet)
Stlth  ++........               (no ring)
                                (no ring)

@: not resistant to hostile enchantments, unstealthy
A: no striking features
a: no special abilities


You were on level 1 of the Dungeon.
You were not hungry.

You visited 1 branch of the dungeon, and saw 1 of its levels.

You collected 47 gold pieces.

Inventory:

Hand weapons
 a - a +0 hand axe
 o - a +0 dagger (weapon)
Missiles
 f - 12 stones (quivered)
Armour
 h - a +0 robe (worn)
Jewellery
 n - an uncursed ring of ice {unknown}
   (You found it on level 1 of the Dungeon)
Scrolls
 e - a scroll of remove curse {unknown}
 m - a scroll of blinking {unknown}
 p - a scroll of identify {unknown}
Potions
 c - a potion of mutation {unknown}
 d - a potion of cure mutation {unknown}
 g - a potion of brilliance {unknown}
 j - a potion of degeneration {unknown}
 k - a potion of invisibility {unknown}
Comestibles
 b - 2 bread rations
 i - a beef jerky
 l - 5 chunks of flesh


   Skills:
 + Level 2.7 Fighting
 + Level 4.2 Dodging
 - Level 2.4 Stealth
 - Level 3.2 Unarmed Combat


You had one spell level left.
You didn't know any spells.

Dungeon Overview and Level Annotations

Branches:
Dungeon (1/15)

Altars:


Message History

You miss the bat. The bat hits you but does no damage.
The bat barely misses you.
You hit the bat but do no damage. The bat misses you.
The bat closely misses you. The gnoll closely misses you.
The bat barely misses you. The bat hits you.
You take 1 damage, and have 16/18 hp.
You closely miss the bat. The bat hits you.
You take 1 damage, and have 15/18 hp.
You hit the bat.
The bat is heavily wounded.
The bat completely misses you.
The gnoll hits you from afar with an enchanted spear.
The bat misses you.
You take 4 damage, and have 11/18 hp.
MASSIVE DAMAGE!!
You hit the bat.
You kill the bat!
The gnoll barely misses you. The gnoll barely misses you.
You hit the gnoll. Your punch misses the gnoll.
The gnoll is moderately wounded.
The gnoll barely misses you.
You completely miss the gnoll.
The gnoll is moderately wounded.
The gnoll completely misses you.
You hit the gnoll.
The gnoll is heavily wounded.
The gnoll misses you.
You hit the gnoll but do no damage.
The gnoll is heavily wounded.
The gnoll barely misses you.
You hit the gnoll.
The gnoll is heavily wounded.
The gnoll hits you with an enchanted spear.
You take 1 damage, and have 11/18 hp.
You hit the gnoll but do no damage.
The gnoll is heavily wounded.
The gnoll barely misses you.
You barely miss the gnoll.
The gnoll is heavily wounded.
The gnoll closely misses you.
You hit the gnoll but do no damage.
The gnoll is heavily wounded.
The gnoll hits you with an enchanted spear.
* * * LOW HITPOINT WARNING * * *
You take 5 damage, and have 6/18 hp.
MASSIVE DAMAGE!!
You hit the gnoll but do no damage.
The gnoll is heavily wounded.
The gnoll hits you with an enchanted spear!
Ouch! That really hurt!
You die...

####### #.....# #########
## #.....###.......####.
#....................
#.....##........#####
#...............# #
#######....####.......# #
#.......##.#.....##########
..##....##ε#.....## #.....[
#....##g#...........##.#
##....##........#...###..
#.............#.....##..#
#.......#.....##.......##
##......#.....#..#.....##
#......#.....#.....#..&.
#....#.......#.......#.. .
##.#..##.###.........#..


You could see a gnoll.

Vanquished Creatures
  A giant gecko (D:1)
  A ball python (D:1)
  A goblin (D:1)
  6 bats (D:1)
  2 giant newts (D:1)
  2 rats (D:1)
13 creatures vanquished.

Notes
Turn   | Place    | Note
--------------------------------------------------------------
     0 | D:1      | rchandra the Deep Elf Monk began the quest for the Orb.
     0 | D:1      | Reached XP level 1. HP: 13/13 MP: 3/3
   562 | D:1      | Reached skill level 4 in Dodging
   562 | D:1      | Reached XP level 2. HP: 13/18 MP: 4/4
   772 | D:1      | Slain by a gnoll

Vault maps used:
D:1:      dpeg_arrival_line_fractal

Action                   || total
-------------------------++-------
Melee: Hand axe          ||    17
       Unarmed           ||     5
       Dagger            ||    23
 Stab: Sleeping          ||     4

Vault maps used:
D:1:      dpeg_arrival_line_fractal
